 Dungeon Crawl Stone Soup version 0.26-a0-612-gd4d190f45e (webtiles) character file.

Game seed: 14052667987590255792

5078 Gargoyl the Fighter (level 10, -7/82 HPs)
             Began as a Gnoll Abyssal Knight on Sept 8, 2020.
             Was an Elder of Lugonu.
             Mangled by a komodo dragon (21 damage)
             ... on level 9 of the Dungeon.
             The game lasted 00:13:05 (11306 turns).

Gargoyl the Fighter (Gnoll Abyssal Knight)         Turns: 11306, Time: 00:13:06

Health: -7/82      AC: 17    Str: 18    XL:     10   Next: 56%
Magic:  18/18      EV:  8    Int: 15    God:    Lugonu [****..]
Gold:   774        SH:  6    Dex: 14    Spells: 19/19 levels left

rFire    + . .     SeeInvis +   t - +1 war axe
rCold    . . .     Faith    .   y - +1 buckler {rN+}
rNeg     + . .     Spirit   .   b - +1 plate armour of Isetoxe {Rampage rF+} (curse)
rPois    .         Reflect  .   k - +2 helmet
rElec    .         Harm     .   (no cloak)
rCorr    .                      (no gloves)
MR       +....                  (no boots)
Stlth    ..........             c - amulet of the acrobat
HPRegen  0.23/turn              j - ring of see invisible
MPRegen  0.16/turn              n - ring of protection from magic

@: no status effects
A: distributed training, fangs 1, strong nose
a: Depart the Abyss, Bend Space, Banish, Corrupt, Renounce Religion


You were on level 9 of the Dungeon.
You worshipped Lugonu.
Lugonu was greatly pleased with you.
You visited 1 branch of the dungeon, and saw 9 of its levels.
You visited the Abyss 1 time.

You collected 774 gold pieces.

Inventory:

Hand Weapons
 a - a +1 hand axe
 t - a +1 war axe (weapon)
Missiles
 l - 17 boomerangs (quivered)
Armour
 b - the cursed +1 plate armour of Isetoxe (worn) {Rampage rF+}
   (You found it on level 5 of the Dungeon)

   It protects you from fire.
   It bestows one free step when moving towards enemies.
   It has a curse placed upon it.
 k - a +2 helmet (worn)
 y - a +1 buckler of positive energy (worn)
Jewellery
 c - an amulet of the acrobat (around neck)
 j - a ring of see invisible (left hand)
 n - a ring of protection from magic (right hand)
 o - an uncursed amulet of reflection
Wands
 u - a wand of digging (3)
Scrolls
 e - a scroll of teleportation
 g - 5 scrolls of identify
 i - 5 scrolls of magic mapping
 m - 6 scrolls of remove curse
 p - 4 scrolls of fog
 s - 2 scrolls of fear
Potions
 d - 3 potions of brilliance
 f - 2 potions of curing
 h - a potion of haste
 r - a potion of cancellation
 v - 3 potions of stabbing
 w - a potion of might
 z - a potion of ambrosia


   Skills:
 + Level 8.6 Fighting
 + Level 5.4 Short Blades
 + Level 5.4 Long Blades
 + Level 7.1 Axes
 + Level 5.4 Maces & Flails
 + Level 5.4 Polearms
 + Level 5.4 Staves
 + Level 5.4 Slings
 + Level 5.4 Bows
 + Level 5.4 Crossbows
 + Level 5.4 Throwing
 + Level 7.1 Armour
 + Level 6.0 Dodging
 + Level 5.4 Stealth
 + Level 5.4 Shields
 + Level 5.4 Unarmed Combat
 + Level 5.4 Spellcasting
 + Level 4.4 Conjurations
 + Level 4.4 Hexes
 + Level 4.4 Summonings
 + Level 4.4 Necromancy
 + Level 4.4 Translocations
 + Level 4.4 Transmutations
 + Level 4.4 Fire Magic
 + Level 4.4 Ice Magic
 + Level 4.4 Air Magic
 + Level 4.4 Earth Magic
 + Level 4.4 Poison Magic
 + Level 7.6 Invocations
 + Level 5.4 Evocations


You had 19 spell levels left.
You didn't know any spells.
Your spell library was empty.

Dungeon Overview and Level Annotations

Branches:
Dungeon (9/15)             Temple (0/1) D:6            Lair (0/6) D:9
    Orc (0/2) D:9

Altars:
Ashenzari
Cheibriados
Dithmenos
Fedhas
Hepliaklqana
Sif Muna
Wu Jian
Yredelemnul


Innate Abilities, Weirdness & Mutations

Your experience applies equally to all skills.
You have very sharp teeth.
Your uncanny sense of smell can sniff out nearby items.


Message History

You hit the komodo dragon.
The komodo dragon is almost dead.
The komodo dragon bites you.
* * * LOW HITPOINT WARNING * * *
You block the komodo dragon's attack.
You feel better. You block the komodo dragon's attack.
You barely miss the komodo dragon.
The komodo dragon is almost dead.
The komodo dragon closely misses you.
You barely miss the komodo dragon.
The komodo dragon is almost dead.
The komodo dragon bites you but does no damage.
You hit the komodo dragon.
The komodo dragon is almost dead.
You block the komodo dragon's attack.
Your plate armour of Isetoxe prevents you from hitting the komodo dragon.
Your bite misses the komodo dragon.
The komodo dragon is almost dead.
The komodo dragon bites you!!
You die... ###### ####### ##PPPPP## ......# #.PPPPPP#

......# ###PPP...P#
......# #...PP.>.P#
......########...P....P#
..................P..PP#
>..................PPPP#
................@l.PPPP#
...............#...PPPP#
...............#....PPP#
##########.....##....P##
#.....###...#### ###
#..#####.......# ..#
#..'...#.......# ..###
#..#...#.......# ..<.#
####..#...#.......#


You could see a komodo dragon.

Vanquished Creatures
  Pikel (D:6)
  Maggie (D:7)
  Prince Ribbit (D:7)
  3 hippogriffs (D:7)
  5 yaks
  Menkaure (D:6)
  2 orc warriors (D:8)
  2 ice beasts
  4 ogres
  2 centaurs
  3 bullfrogs
  Blork the orc (D:4)
  4 scorpions
  5 killer bees (D:7)
  3 howler monkeys
  3 centaur zombies
  2 bullfrog zombies (D:7)
  4 hounds
  4 orc priests
  4 orc wizards
  A centaur skeleton (D:7)
  8 worker ants
  A hound skeleton (D:4)
  7 gnolls (D:4)
  13 adders
  A shadow imp (D:7)
  A white imp (D:5)
  2 ufetubi (D:9)
  5 oozes
  An adder skeleton (D:7)
  2 worms
  3 dart slugs
  4 leopard geckos
  36 orcs
  7 bats
  6 giant cockroaches
  18 goblins
  16 hobgoblins
  7 jackals
  7 quokkas
  3 ball pythons
  6 frilled lizards
  8 kobolds
  6 rats
224 creatures vanquished.

Vanquished Creatures (others)
  6 bushes (D:4)
  21 plants
27 creatures vanquished.

Grand Total: 251 creatures vanquished

Notes
Turn   | Place    | Note
-------+----------+-------------------------------------------
     0 | Abyss:1  | Gargoyl the Gnoll Abyssal Knight began the quest for the
                  | Orb.
     0 | Abyss:1  | Reached XP level 1. HP: 23/23 MP: 3/3
    18 | Abyss:1  | Found a corrupted altar of Lugonu.
    88 | Abyss:1  | Noticed a starcursed mass
    92 | Abyss:1  | Noticed a ghost moth simulacrum
    93 | D:1      | Escaped the Abyss
   360 | D:1      | Reached XP level 2. HP: 29/29 MP: 5/5
   374 | D:1      | Reached * piety under Lugonu
   669 | D:1      | Reached XP level 3. HP: 35/35 MP: 6/6
  1347 | D:2      | Reached skill level 1 in Short Blades
  1347 | D:2      | Reached skill level 1 in Long Blades
  1347 | D:2      | Reached skill level 1 in Maces & Flails
  1347 | D:2      | Reached skill level 1 in Polearms
  1347 | D:2      | Reached skill level 1 in Staves
  1347 | D:2      | Reached skill level 1 in Slings
  1347 | D:2      | Reached skill level 1 in Bows
  1347 | D:2      | Reached skill level 1 in Crossbows
  1347 | D:2      | Reached skill level 1 in Throwing
  1347 | D:2      | Reached skill level 1 in Stealth
  1347 | D:2      | Reached skill level 1 in Shields
  1347 | D:2      | Reached skill level 1 in Unarmed Combat
  1347 | D:2      | Reached skill level 1 in Spellcasting
  1347 | D:2      | Reached skill level 1 in Evocations
  1389 | D:2      | Reached XP level 4. HP: 39/41 MP: 7/7
  1536 | D:2      | Reached skill level 1 in Conjurations
  1536 | D:2      | Reached skill level 1 in Hexes
  1536 | D:2      | Reached skill level 1 in Summonings
  1536 | D:2      | Reached skill level 1 in Necromancy
  1536 | D:2      | Reached skill level 1 in Translocations
  1536 | D:2      | Reached skill level 1 in Transmutations
  1536 | D:2      | Reached skill level 1 in Fire Magic
  1536 | D:2      | Reached skill level 1 in Ice Magic
  1536 | D:2      | Reached skill level 1 in Air Magic
  1536 | D:2      | Reached skill level 1 in Earth Magic
  1536 | D:2      | Reached skill level 1 in Poison Magic
  1805 | D:2      | Reached XP level 5. HP: 47/47 MP: 8/8
  1887 | D:2      | Reached ** piety under Lugonu
  2246 | D:3      | Found a shattered altar of Ashenzari.
  2785 | D:3      | Reached skill level 5 in Invocations
  2787 | D:3      | Reached XP level 6. HP: 27/53 MP: 9/9
  2991 | D:3      | Reached skill level 5 in Axes
  2991 | D:3      | Reached skill level 5 in Armour
  3770 | D:4      | Noticed Blork the orc
  3805 | D:4      | Reached XP level 7. HP: 48/59 MP: 10/10
  3809 | D:4      | Killed Blork the orc
  3809 | D:4      | Reached skill level 7 in Fighting
  4016 | D:4      | Reached *** piety under Lugonu
  4929 | D:5      | Entered Level 5 of the Dungeon
  5540 | D:5      | Reached XP level 8. HP: 66/67 MP: 12/12
  5778 | D:5      | Found an ornate altar of the Wu Jian Council.
  6045 | D:5      | Got a steaming plate armour
  6056 | D:5      | Identified the cursed +1 plate armour of Isetoxe {Rampage
                  | rF+} (You found it on level 5 of the Dungeon)
  6579 | D:5      | Found a shadowy altar of Dithmenos.
  6719 | D:5      | Found a snail-covered altar of Cheibriados.
  7005 | D:6      | Noticed Menkaure
  7012 | D:6      | Killed Menkaure
  7245 | D:6      | Noticed Pikel
  7273 | D:6      | Killed Pikel
  7273 | D:6      | Reached XP level 9. HP: 64/73 MP: 14/14
  7502 | D:6      | Found a staircase to the Ecumenical Temple.
  7583 | D:6      | Found a blossoming altar of Fedhas.
  7922 | D:7      | Reached skill level 5 in Dodging
  8096 | D:7      | Reached skill level 8 in Fighting
  8457 | D:7      | Found a shimmering blue altar of Sif Muna.
  8477 | D:7      | Found a hazy altar of Hepliaklqana.
  8478 | D:7      | Noticed Maggie
  8495 | D:7      | Killed Maggie
  8514 | D:7      | Reached **** piety under Lugonu
  8563 | D:7      | Reached XP level 10. HP: 53/80 MP: 17/17
  8871 | D:7      | Noticed Prince Ribbit
  8887 | D:7      | Killed Prince Ribbit
  8887 | D:7      | Reached skill level 5 in Short Blades
  8887 | D:7      | Reached skill level 5 in Long Blades
  8887 | D:7      | Reached skill level 5 in Maces & Flails
  8887 | D:7      | Reached skill level 5 in Polearms
  8887 | D:7      | Reached skill level 5 in Staves
  8887 | D:7      | Reached skill level 5 in Slings
  8887 | D:7      | Reached skill level 5 in Bows
  8887 | D:7      | Reached skill level 5 in Crossbows
  8887 | D:7      | Reached skill level 5 in Throwing
  8887 | D:7      | Reached skill level 5 in Stealth
  8887 | D:7      | Reached skill level 5 in Shields
  8887 | D:7      | Reached skill level 5 in Unarmed Combat
  8887 | D:7      | Reached skill level 5 in Spellcasting
  8887 | D:7      | Reached skill level 5 in Evocations
  9510 | D:8      | Found a basalt altar of Yredelemnul.
 10436 | D:9      | Found a staircase to the Orcish Mines.
 11275 | D:9      | Found a staircase to the Lair.
 11299 | D:9      | HP: 2/82 [komodo dragon (16)]
 11306 | D:9      | Mangled by a komodo dragon

Illustrated notes

Levels and vault maps discovered:
D:1:      lemuel_arrival_cross, layout_loops_corners, serial_bayou_pond_c,
          kennysheep_small_spiral
D:2:      minmay_general_purpose_star, layout_basic, minmay_quadrilaterals
D:3:      layout_loops_ring, marbit_many_paths
D:4:      corexii_shantytown, layout_basic, serial_forest,
          infiniplex_forest_lined_2, infiniplex_forest_zigzag_1,
          infiniplex_forest_clump_curved, infiniplex_forest_clump_diagonal,
          infiniplex_forest_corner_1, infiniplex_forest_lined_ring,
          infiniplex_forest_straight_3, uniq_blork_the_orc
D:5:      layout_basic, kennysheep_mini, slow_altar_2, old_standard_altar,
          serial_co_window_serial, co_window_of_opportunity_a,
          co_window_of_opportunity_a, co_window_corner_a, co_window_paths_b,
          co_window_paths_a, co_window_broadway_c, co_window_broadway_b,
          co_window_of_opportunity_c, co_window_broadway_c, co_window_corner_cb,
          co_window_4corner_b, co_window_paths_d, glass_columns_c,
          glass_columns_c, glass_columns_a
D:6:      layout_basic, kennysheep_mini_moat, minmay_temple_entry_large_hall,
          uniq_pikel, uniq_menkaure
D:7:      layout_basic, lemuel_crystal_altar, old_standard_altar,
          kennysheep_generic_room_10, uniq_prince_ribbit1, uniq_maggie
D:8:      layout_basic, kennysheep_little_box
D:9:      layout_irregular_city, lemuel_round_altar,
          chequers_temple_overflow_statue_of_worship, david_lair_shrubbed,
          orc_david_3

Skill      XL: |  1  2  3  4  5  6  7  8  9 10 |
---------------+-------------------------------+-----
Short Blades   | 1 2 3 4 5 |  5.4
Long Blades    | 1 2 3 4 5 |  5.4
Maces & Flails | 1 2 3 4 5 |  5.4
Polearms       | 1 2 3 4 5 |  5.4
Staves         | 1 2 3 4 5 |  5.4
Slings         | 1 2 3 4 5 |  5.4
Bows           | 1 2 3 4 5 |  5.4
Crossbows      | 1 2 3 4 5 |  5.4
Throwing       | 1 2 3 4 5 |  5.4
Stealth        | 1 2 3 4 5 |  5.4
Shields        | 1 2 3 4 5 |  5.4
Unarmed Combat | 1 2 3 4 5 |  5.4
Spellcasting   | 1 2 3 4 5 |  5.4
Evocations     | 1 2 3 4 5 |  5.4
Conjurations   | 1 2 3 4 |  4.4
Hexes          | 1 2 3 4 |  4.4
Summonings     | 1 2 3 4 |  4.4
Necromancy     | 1 2 3 4 |  4.4
Translocations | 1 2 3 4 |  4.4
Transmutations | 1 2 3 4 |  4.4
Fire Magic     | 1 2 3 4 |  4.4
Ice Magic      | 1 2 3 4 |  4.4
Air Magic      | 1 2 3 4 |  4.4
Earth Magic    | 1 2 3 4 |  4.4
Poison Magic   | 1 2 3 4 |  4.4
Dodging        | 3 4 5 6 |  6.0
Invocations    | 5 6 7 |  7.6
Axes           | 5 6 7 |  7.1
Armour         | 5 6 7 |  7.1
Fighting       | 7 8 |  8.6

Action                   |  1- 3 |  4- 6 |  7- 9 | 10-12 || total
-------------------------+-------+-------+-------+-------++-------
Melee: Hand axe          |   102 |   261 |   156 |       ||   519
       Bite              |     9 |    28 |    27 |    21 ||    85
       Punch             |     1 |       |    11 |       ||    12
       War axe           |       |       |   218 |   190 ||   408
Throw: Boomerang         |       |       |     5 |       ||     5
Invok: Depart the Abyss  |     1 |       |       |       ||     1
  Use: Scroll            |     2 |     5 |    14 |     2 ||    23
       Potion            |       |     5 |     2 |     3 ||    10
Armor: Scale mail        |    46 |   107 |    60 |       ||   213
       Plate armour      |       |       |   197 |   102 ||   299
Dodge: Dodged            |    89 |   173 |   232 |    78 ||   572
Block: Buckler           |       |       |       |    37 ||    37

Table legend: (Time is in decaauts)
 A = Elapsed time spent in this place.
 B = Non-inter-level travel time spent in this place.
 C = Inter-level travel time spent in this place.
 D = Time resting spent in this place.
 E = Time spent auto-exploring this place.
 F = Levels seen in this place.
 G = Mean time per level.
                   A        B        C        D        E       F      G
               +--------+--------+--------+--------+--------+-----+--------+
         Total |  11394 |  11185 |    209 |   2634 |   6361 |  10 | 1139.4 |
       Dungeon |  11301 |  11092 |    209 |   2634 |   6294 |   9 | 1255.7 |
         Abyss |     93 |     93 |      0 |      0 |     67 |   1 |   93.0 |
               +--------+--------+--------+--------+--------+-----+--------+

Top non-repeatable levels by time:
     D:4: 1890 daAuts
     D:5: 1618 daAuts
     D:7: 1593 daAuts
     D:3: 1408 daAuts
     D:8: 1408 daAuts
     D:1: 1132 daAuts
     D:2: 872 daAuts
     D:6: 750 daAuts
     D:9: 626 daAuts
 Abyss:1: 93 daAuts
